 Dungeon Crawl Stone Soup version 0.32-a0-411-g744942f433 (webtiles) character file.

Game seed: 11065069287589985545

1120 lunkers the Shooter (level 8, -2/54 HPs)
             Began as a Coglin Hexslinger on Feb 21, 2024.
             Was an Initiate of Ru.
             Slain by Duvessa
             ... wielding a +0 short sword of venom
              (7 damage)
             ... on level 5 of the Dungeon.
             The game lasted 00:08:59 (4319 turns).

lunkers the Shooter (Coglin Hexslinger)             Turns: 4319, Time: 00:08:59

Health: -2/54      AC:  3    Str:  8    XL:     8   Next: 34%
Magic:  7/9        EV: 12    Int: 13    God:    Ru [......]
Gold:   397        SH:  5    Dex: 19    Spells: 0/9 levels left

rFire   . . .        a - +1 sling {Tlalli}
rCold   . . .        s - +1 sling (heavy) {Amaro}
rNeg    . . .        c - +1 robe
rPois   .            (no helmet)
rElec   .            (no cloak)
rCorr   .            (no gloves)
SInv    .            (no boots)
Will    .....        d - amulet of reflection
Stlth   ++           (no ring)
HPRegen 0.29/turn    (no ring)
MPRegen 0.11/turn

%: reflection
@: lethally poisoned (-2 -> -19), weak-willed, immotile, jinxed, revving
A: off-hand wielding, slow wielding, warmup strikes, legs shutdown
a: Renounce Religion


You were on level 5 of the Dungeon.
You worshipped Ru.
Ru was noncommittal.
You visited 1 branch of the dungeon, and saw 5 of its levels.

You collected 397 gold pieces.

Inventory:

Hand Weapons
 a - a +1 sling (weapon) {Tlalli}
 i - a +0 sling {Dejan}
 s - a +1 heavy sling (offhand) {Amaro}
Armour
 c - a +1 robe (worn)
Jewellery
 d - an amulet of reflection (around neck)
Wands
 p - a wand of flame (5)
Scrolls
 b - 2 scrolls of poison
 h - 3 scrolls of teleportation
 j - a scroll of amnesia
 l - a scroll of fear
 m - 4 scrolls of vulnerability {unknown}
 r - 4 scrolls of identify {unknown}
Potions
 e - 2 potions of heal wounds {unknown}
 f - a potion of might {unknown}
 g - a potion of mutation {unknown}
 k - a potion of brilliance {unknown}
 n - 3 potions of curing {unknown}
 o - 2 potions of lignification {unknown}
 q - a potion of enlightenment {unknown}
 t - a potion of attraction {unknown}


   Skills:
 - Level 1.0 Fighting
 * Level 7.5 Ranged Weapons
 - Level 1.7 Dodging
 - Level 1.0 Spellcasting
 - Level 4.0 Hexes
 - Level 0.8 Fire Magic
 + Level 5.2 Evocations


You couldn't memorise any spells.
You knew the following spells:

 Your Spells              Type           Power      Damage    Failure   Level
b - Cause Fear            Hex            5%         N/A       47%         4
c - Inner Flame           Hex/Fire       6%         N/A       30%         3
p - Jinxbite              Hex            22%        N/A       9%          2

Your spell library contained the following spells:

 Spells                   Type           Power      Damage    Failure   Level
 Confusing Touch          Hex            11%        N/A       16%         3
 Sigil of Binding         Hex            11%        N/A       16%         3
 Ensorcelled Hibernation  Hex/Ice        10%        N/A       19%         2
 Kiss of Death            Conj/Necr      0%         2d5       28%         1
 Call Imp                 Summ           0%         N/A       38%         2
 Mercury Vapours          Alch/Air       0%         N/A       38%         2
 Sublimation of Blood     Necr           0%         N/A       38%         2
 Fugue of the Fallen      Necr           0%         N/A       63%         3
 Hailstorm                Conj/Ice       0%         3d5       63%         3
 Mephitic Cloud           Conj/Alch/Air  0%         N/A       63%         3
 Summon Ice Beast         Ice/Summ       0%         N/A       63%         3
 Anguish                  Hex/Necr       2%         N/A       77%         4
 Dimensional Bullseye     Hex/Tloc       2%         N/A       77%         4
 Dispel Undead            Necr           0%         3d6       95%         4
 Freezing Cloud           Conj/Ice/Air   0%         6-21      100%        5
 Sculpt Simulacrum        Ice/Alch       0%         N/A       100%        6
 Summon Hydra             Summ           0%         N/A       100%        7


Dungeon Overview and Level Annotations

Branches:
Dungeon (5/15)
 Temple: D:4-7

Altars:
Dithmenos
Fedhas
Ru
Trog
Uskayaw
Vehumet
Zin
The Shining One

Annotations:
D:3 exclusion: oklob plant
D:5 1 runed translucent door, Dowan, Duvessa


Innate Abilities, Weirdness & Mutations

You can wield a second weapon in your off-hand.
It takes a long time for you to wield or remove held weapons.
Your first few attacks do less damage.
Attacking and casting redirects power from your legs.


Message History

You shoot a sling bullet.
The sling bullet hits Duvessa but does no damage.
Duvessa is lightly wounded.
You shoot a sling bullet. The sling bullet hits Duvessa.
Duvessa is moderately wounded.
You feel extremely sick. Duvessa completely misses you.
Duvessa says, "Practise, practise, practise!
One day you'll be as good as me." Duvessa hits you but does no damage.
You are more poisoned.
You are too injured to fight recklessly!
Aiming: Throw Flame
Press: ? - help, Shift-Dir - straight line, f/p - Duvessa
Aim: Duvessa, wielding a +0 short sword of venom and wearing a +0 leather armour (moderately wounded, fast, chance to call a sprite on attack: 28%, 77% to hit)
The puff of flame hits Duvessa!
Duvessa is heavily wounded.
* * * LOW HITPOINT WARNING * * *
You feel very sick.
Duvessa hits you with a +0 short sword of venom.
* * * LOW HITPOINT WARNING * * *
You are more poisoned.
Aiming: Throw Flame
Press: ? - help, Shift-Dir - straight line, f/p - Duvessa
Aim: Duvessa, wielding a +0 short sword of venom and wearing a +0 leather armour (heavily wounded, fast, chance to call a sprite on attack: 28%, 77% to hit)
The puff of flame hits Duvessa!
Duvessa is severely wounded.
* * * LOW HITPOINT WARNING * * *
You feel very sick.
Duvessa hits you with a +0 short sword of venom.
* * * LOW HITPOINT WARNING * * *
Aiming: Throw Flame
Press: ? - help, Shift-Dir - straight line, f/p - Duvessa
Aim: Duvessa, wielding a +0 short sword of venom and wearing a +0 leather armour (severely wounded, fast, chance to call a sprite on attack: 28%, 77% to hit)
The puff of flame hits Duvessa.
Duvessa is almost dead.
* * * LOW HITPOINT WARNING * * *
You feel very sick.
Duvessa hits you with a +0 short sword of venom!
You die...
Ru respects your ultimate sacrifice.

###.#..#.#
###...##...####
#...######.)..#
#.####........#
#.####.###.####
..##...# #....#
.#...### ####.#
...### #.####
.. #### #..e@#
.# ####†..# ..
.e.## #. ..#..#
#. ##. #.#
#†### #. ..
####he<## #.
##. #/)e.<..#
.. ...).#######
#.


You could see Duvessa (fast) and Dowan.

Vanquished Creatures
  Sigmund (D:3)
  A water moccasin (D:4)
  A black bear (D:5)
  An ogre (D:4)
  2 scorpions
  2 howler monkeys (D:5)
  An orc priest (D:3)
  4 hounds
  2 jellies (D:5)
  A gnoll bouda (D:5)
  Terence (D:2)
  An orc wizard (D:3)
  4 gnolls (D:5)
  5 adders
  4 dart slugs
  A ribbon worm (D:3)
  3 orcs (D:3)
  7 endoplasms
  2 giant cockroaches
  6 goblins
  5 hobgoblins
  6 kobolds
  5 quokkas
  10 ball pythons
  3 bats
  2 frilled lizards
  5 rats
86 creatures vanquished.

Vanquished Creatures (others)
  An arcanist (D:3)
1 creature vanquished.

Grand Total: 87 creatures vanquished

Notes
Turn   | Place    | Note
-------+----------+-------------------------------------------
     0 | D:1      | lunkers the Coglin Hexslinger began the quest for the Orb.
     0 | D:1      | Reached XP level 1. HP: 15/15 MP: 2/2
    52 | D:1      | Reached skill level 2 in Ranged Weapons
   159 | D:1      | Reached XP level 2. HP: 18/21 MP: 3/3
   162 | D:1      | Learned a level 2 spell: Jinxbite
   330 | D:1      | Reached skill level 3 in Ranged Weapons
   517 | D:1      | Reached XP level 3. HP: 26/26 MP: 1/4
  1079 | D:1      | Found a shadowy altar of Dithmenos.
  1295 | D:2      | Noticed Terence
  1308 | D:2      | Killed Terence
  1309 | D:2      | Reached XP level 4. HP: 29/32 MP: 0/5
  1424 | D:2      | Reached skill level 4 in Ranged Weapons
  1450 | D:2      | Found a radiant altar of Vehumet.
  1983 | D:2      | Reached XP level 5. HP: 37/37 MP: 6/6
  2127 | D:3      | Found a glowing golden altar of the Shining One.
  2166 | D:3      | Reached skill level 5 in Ranged Weapons
  2382 | D:3      | Noticed Sigmund
  2396 | D:3      | Killed Sigmund
  2397 | D:3      | Reached XP level 6. HP: 31/43 MP: 7/7
  2529 | D:3      | Found a sacrificial altar of Ru.
  2584 | D:3      | Found a blossoming altar of Fedhas.
  2603 | D:3      | Noticed an oklob plant
  2664 | D:3      | Found a glowing silver altar of Zin.
  2939 | D:3      | Found a bloodstained altar of Trog.
  2940 | D:3      | Noticed a wizard
  2945 | D:3      | Killed a wizard
  3093 | D:3      | Became a worshipper of Ru the Awakened
  3257 | D:4      | Noticed a water moccasin
  3268 | D:4      | Killed a water moccasin
  3269 | D:4      | Reached skill level 6 in Ranged Weapons
  3269 | D:4      | Reached XP level 7. HP: 33/48 MP: 5/8
  3429 | D:4      | Found a hide-covered altar of Uskayaw.
  4041 | D:5      | Entered Level 5 of the Dungeon
  4062 | D:5      | Noticed Duvessa
  4067 | D:5      | Reached XP level 8. HP: 38/54 MP: 2/9
  4067 | D:5      | Noticed Dowan
  4068 | D:5      | Reached skill level 7 in Ranged Weapons
  4177 | D:5      | Learned a level 3 spell: Inner Flame
  4182 | D:5      | Learned a level 4 spell: Cause Fear
  4187 | D:5      | Found a runed translucent gate.
  4295 | D:5      | Reached skill level 5 in Evocations
  4319 | D:5      | Slain by Duvessa

Illustrated notes

Levels and vault maps discovered:
D:1:      dpeg_arrival_water_altar, layout_basic, grunt_decor_mini_mirrors
D:2:      layout_loops_ring, basic_altar, st_stairs_11, minmay_hexomino_r4,
          uniq_terence
D:3:      layout_basic, tgw_fedhas, trog_wizard,
          mainiacjoe_overflow_tiny_flanked, tso_metal_star,
          mainiacjoe_overflow_chevrons, dreamdust_wishing_well,
          nicolae_figureground_sparkle, uniq_sigmund
D:4:      nicolae_cairo_tiling, layout_basic,
          nicolae_uskayaw_murder_on_the_dancefloor, serial_forest,
          infiniplex_forest_straight_2, infiniplex_forest_lined_2,
          infiniplex_forest_zigzag_1, infiniplex_forest_straight_2,
          infiniplex_forest_clump_C, infiniplex_forest_straight_2,
          infiniplex_forest_clump_large
D:5:      layout_rooms, nzn_hepliaklqana_mist_gate, biasface_ghost_orc_armoury,
          minmay_misc_feat_cross, uniq_duvessa

Skill      XL: |  1  2  3  4  5  6  7  8 |
---------------+-------------------------+-----
Ranged Weapons | 2 3 4 5 6 7 |  7.5
Hexes          | 3 4 |  4.0
Evocations     | 2 3 4 5 |  5.2
Fighting       | |  1.0
Dodging        | |  1.7
Spellcasting   | |  1.0
Fire Magic     | |  0.8

Action                     |  1- 3 |  4- 6 |  7- 9 || total
---------------------------+-------+-------+-------++-------
   Fire: Sling             |    71 |   260 |   122 ||   453
   Cast: Jinxbite          |    14 |     5 |     9 ||    28
 Invoke: Reject Sacrifices |       |       |     1 ||     1
  Evoke: Wand              |       |       |     3 ||     3
    Use: Scroll            |     7 |     1 |       ||     8
 Armour: Robe              |     9 |    48 |    13 ||    70
  Dodge: Dodged            |     9 |    26 |     8 ||    43
  Block: Other             |       |    11 |     5 ||    16

Table legend: (Time is in decaauts)
 A = Elapsed time spent in this place.
 B = Non-inter-level travel time spent in this place.
 C = Inter-level travel time spent in this place.
 D = Time resting spent in this place.
 E = Time spent auto-exploring this place.
 F = Levels seen in this place.
 G = Mean time per level.
                   A        B        C        D        E       F      G
               +--------+--------+--------+--------+--------+-----+--------+
         Total |   4366 |   4198 |    168 |     34 |   3609 |   5 |  873.2 |
       Dungeon |   4366 |   4198 |    168 |     34 |   3609 |   5 |  873.2 |
               +--------+--------+--------+--------+--------+-----+--------+

Top non-repeatable levels by time:
     D:1: 1165 daAuts
     D:3: 1002 daAuts
     D:4: 995 daAuts
     D:2: 978 daAuts
     D:5: 224 daAuts
